 Dungeon Crawl Stone Soup version 0.19.4 (webtiles) character file.

197 Jynx the Sneak (level 5, -1/35 HPs)
             Began as a Vampire Enchanter on Feb 1, 2017.
             Slain by a crimson imp (2 damage)
             ... summoned by Natasha
             ... on level 3 of the Dungeon.
             The game lasted 00:05:32 (4557 turns).

Jynx the Sneak (Vampire Enchanter)                  Turns: 4557, Time: 00:05:33

Health: -1/35      AC:  5    Str:  7    XL:     5   Next: 46%
Magic:  8/8        EV: 13    Int: 18    God:
Gold:   117        SH:  0    Dex: 15    Spells: 3 memorised, 3 levels left

rFire  . . .     SeeInvis +     e - +0 dagger (drain)
rCold  + + .     Gourm    .     b - +1 robe
rNeg   + + +     Faith    .     (no shield)
rPois  ∞         Spirit   .     (no helmet)
rElec  .         Reflect  .     (no cloak)
rCorr  .         Harm     .     (no gloves)
MR     .....                    o - +1 pair of boots
Stlth  +++++.....               (no amulet)
                                (no ring)
                                (no ring)

@: bloodless, non-regenerating
A: fangs 3, see invisible, unbreathing
a: Bat Form


You were on level 3 of the Dungeon.
You were bloodless.

You visited 1 branch of the dungeon, and saw 4 of its levels.

You collected 117 gold pieces.

Inventory:

Hand Weapons
 a - a +1 dagger
 e - a +0 dagger of draining (weapon)
Armour
 b - a +1 robe (worn)
 o - a +1 pair of boots (worn)
Scrolls
 f - a scroll of remove curse
Potions
 d - a potion of degeneration {unknown}
 g - 3 potions of curing
 h - a potion of haste {unknown}
 i - 2 potions of flight {unknown}
 l - 3 potions of lignification
 m - 2 potions of cure mutation {unknown}
 p - a potion of heal wounds {unknown}
Books
 c - a book of Maledictions

   Spells                             Type                      Level
   a - Corona                         Hexes                        1
   b - Ensorcelled Hibernation        Hexes/Ice                    2
   c - Confuse                        Hexes                        3
   d - Tukima's Dance                 Hexes                        3
   e - Dazzling Spray                 Conjuration/Hexes            3
 n - a book of Misfortune

   Spells                             Type                      Level
   a - Confusing Touch                Hexes                        1
   b - Confuse                        Hexes                        3
   c - Gell's Gravitas                Hexes/Translocation          3
   d - Petrify                        Transmutation/Earth          4
   e - Metabolic Englaciation         Hexes/Ice                    5
   f - Yara's Violent Unravelling     Hexes/Transmutation          5


   Skills:
 * Level 3.7 Short Blades
 + Level 3.0 Dodging
 + Level 5.8 Stealth
 + Level 2.5 Spellcasting
 + Level 5.4 Hexes


You had 3 spell levels left.
You knew the following spells:

 Your Spells              Type           Power        Failure   Level  Hunger
a - Corona                Hex            ###....      1%          1    #......
b - Ensorcelled Hibernat  Hex/Ice        ##....       12%         2    ##.....
c - Confuse               Hex            ###.....     6%          3    ###....


Dungeon Overview and Level Annotations

Branches:
Dungeon (4/15)
 Temple: D:4-7

Altars:

Annotations:
D:3 Natasha


Innate Abilities, Weirdness & Mutations

You do not heal naturally.
You are immune to poison.
You have razor-sharp teeth.
You have supernaturally acute eyesight. (SInv)
You can survive without breathing.


Message History

* * * LOW HITPOINT WARNING * * *
The crimson imp blinks!
You closely miss Natasha.
Natasha is heavily wounded.
Natasha stops glowing.
You hit Natasha. You drain Natasha!
Natasha is almost dead.
Natasha closely misses you.
You closely miss Natasha.
Natasha is almost dead.
Natasha casts a spell at you. The magic dart hits you!
* * * LOW HITPOINT WARNING * * *
You hit Natasha but do no damage.
Natasha is almost dead.
Natasha claws you but does no damage.
You barely miss Natasha.
Natasha is almost dead.
The crimson imp hits you.
You die...

.............................<#
#...............##.....##'#####
................''........#
................##.....####
#...............##.....###
#........................#
#........................#
#........................#
#..............5@........#
#..........#####.h.......#
#.....)....# #...).....#
#......<...# #.........#
#.....>....# #.........#######
############ ###.............#
########### #.....#######.#
..........# #.....# ####.##
..........# #.....# #.....#


You could see Natasha and a crimson imp.

Vanquished Creatures
  Natasha (D:3)
  An iguana (D:3)
  Terence (D:2)
  5 adders
  A worm (D:3)
  4 dart slugs
  7 leopard geckos
  An orc (D:3)
  3 giant cockroaches
  10 hobgoblins
  A quokka (D:2)
  3 ball pythons
  A bat (D:1)
  6 frilled lizards
  10 goblins
  2 kobolds (D:3)
  6 rats
63 creatures vanquished.

Notes
Turn   | Place    | Note
-------+----------+-------------------------------------------
     0 | D:1      | Jynx the Vampire Enchanter began the quest for the Orb.
     0 | D:1      | Reached XP level 1. HP: 13/13 MP: 3/3
   501 | D:1      | Reached XP level 2. HP: 19/19 MP: 5/5
  1578 | D:2      | Reached XP level 3. HP: 13/24 MP: 6/6
  1843 | D:2      | Reached skill level 5 in Stealth
  1915 | D:2      | Learned a level 2 spell: Ensorcelled Hibernation
  1919 | D:2      | Learned a level 3 spell: Confuse
  2009 | D:2      | Noticed Terence
  2024 | D:2      | Killed Terence
  2024 | D:2      | Reached skill level 5 in Hexes
  2024 | D:2      | Reached XP level 4. HP: 20/30 MP: 4/7
  2782 | D:3      | Reached XP level 5. HP: 35/35 MP: 8/8
  3261 | D:3      | Noticed Natasha
  3273 | D:3      | Killed Natasha
  3515 | D:4      | Noticed a phantom
  4537 | D:3      | Noticed Natasha
  4555 | D:3      | HP: 1/35 [Natasha/magic dart (7)]
  4557 | D:3      | Slain by a crimson imp

Skill      XL: |  1  2  3  4  5 |
---------------+----------------+-----
Short Blades   | 2 3 |  3.7
Stealth        | 5 |  5.8
Hexes          | 5 |  5.4
Dodging        | 3 |  3.0
Spellcasting   | |  2.5

Action                   |  1- 3 |  4- 6 || total
-------------------------+-------+-------++-------
Melee: Dagger            |   109 |   166 ||   275
       Bite              |     6 |    15 ||    21
 Cast: Corona            |     8 |    14 ||    22
       Confuse           |       |     4 ||     4
  Use: Scroll            |     3 |     4 ||     7
 Stab: Sleeping          |     5 |     5 ||    10
       Distracted        |     1 |     1 ||     2
       Confused          |       |     1 ||     1
  Eat: Corpse            |     4 |     5 ||     9
Armor: Robe              |    16 |    37 ||    53
Dodge: Dodged            |    76 |    90 ||   166
